 Dungeon Crawl Stone Soup version 0.30.0 (webtiles) character file.

Game seed: 3039951725065207779

73 workbot the Trooper (level 4, -1/49 HPs)
             Began as an Ogre Berserker on May 5, 2023.
             Was a Believer of Trog.
             Slain by a gnoll
             ... wielding a +0 halberd
              (10 damage)
             ... on level 3 of the Dungeon.
             The game lasted 00:03:49 (1410 turns).

workbot the Trooper (Ogre Berserker)                Turns: 1410, Time: 00:03:50

Health: -1/49      AC:  4    Str: 23    XL:     4   Next: 27%
Magic:  4/4        EV: 10    Int:  8    God:    Trog [**....]
Gold:   152        SH:  0    Dex:  8    Spells: 3/3 levels left

rFire   . . .        a - +0 hand axe
rCold   . . .        (no shield)
rNeg    . . .        b - +0 animal skin
rPois   .            (helmet restricted)
rElec   .            f - +0 cloak
rCorr   .            (gloves unavailable)
SInv    .            (boots unavailable)
Will    .....        (no amulet)
Stlth   +            (no ring)
HPRegen 0.28/turn    (no ring)
MPRegen 0.09/turn

%: no passive effects
@: no status effects
A: large, unfitting armour, tough skin 1
a: Renounce Religion, Berserk, Trog's Hand


You were on level 3 of the Dungeon.
You worshipped Trog.
Trog was pleased with you.
You visited 1 branch of the dungeon, and saw 3 of its levels.

You collected 152 gold pieces.

Inventory:

Hand Weapons
 a - a +0 hand axe (weapon)
Missiles
 e - a throwing net (quivered)
Armour
 b - a +0 animal skin (worn)
 f - a +0 cloak (worn)
Jewellery
 l - a ring of willpower
Scrolls
 c - 3 scrolls of identify {unknown}
Potions
 d - a potion of invisibility {unknown}
 g - 2 potions of curing {unknown}
 h - a potion of lignification {unknown}
 i - a potion of heal wounds {unknown}
 j - 3 potions of cancellation {unknown}
 k - a potion of berserk rage {unknown}
 m - a potion of degeneration {unknown}
 n - a potion of brilliance {unknown}


   Skills:
 + Level 4.8 Fighting
 * Level 4.5 Axes
 - Level 2.6 Dodging


You had 3 spell levels left.
You didn't know any spells.
Your spell library contained the following spells:

 Spells                   Type           Power      Damage    Failure   Level
 Kiss of Death            Conj/Necr      0%         2d5       41%         1
 Confusing Touch          Hex            0%         N/A       78%         3
 Dispel Undead            Necr           0%         3d6       99%         4


Dungeon Overview and Level Annotations

Branches:
Dungeon (3/15)

Altars:


Innate Abilities, Weirdness & Mutations

You are too large for most types of armour.
You have tough skin. (AC +1)


Message History

n - a purple potion A gnoll comes into view.
It is wielding a +0 halberd.
The gnoll shouts!
You hear a shout!
A gnoll comes into view. It is wielding a +0 halberd.
A gnoll comes into view. It is wielding a +0 flail.
The gnoll shouts! x2
The gnoll moves out of view.
An orc comes into view. It is wielding a +0 whip.
The orc shouts!
You hear a shout! x2
An orc comes into view. It is wielding a +0 dagger.
You hear an angry hiss. x2
The gnoll closely misses you.
The gnoll hits you from afar with a +0 halberd.
You hit the gnoll.
The gnoll is moderately wounded.
The gnoll hits you with a +0 halberd.
The gnoll hits you from afar with a +0 halberd.
You closely miss the gnoll.
The gnoll is moderately wounded.
The gnoll hits you with a +0 halberd! The gnoll closely misses you.
You barely miss the gnoll.
The gnoll is moderately wounded.
The gnoll hits you but does no damage. The gnoll closely misses you.
You hit the gnoll.
The gnoll is moderately wounded.
The gnoll misses you. The gnoll barely misses you.
You slash the gnoll!
The gnoll is almost dead.
The gnoll hits you with a +0 halberd!
The gnoll hits you from afar with a +0 halberd!
You barely miss the gnoll.
The gnoll is almost dead.
The gnoll closely misses you.
The gnoll hits you from afar with a +0 halberd!
* * * LOW HITPOINT WARNING * * *
The gnoll closely misses you. x2
You hit the gnoll but do no damage.
The gnoll is almost dead.
The gnoll hits you with a +0 halberd!
You die...

.#. #...# ....####
...... #.... . #..#
#. ...# #..g#####..#
#.#.#.#
#ogg@...####.#.#.##
#.####.....#.#....##
#####.#....#..
#...........
#........#.#
#####........#
.............#
.####.......##
#....<..#


You could see 3 gnolls and an orc.

Vanquished Creatures
  An adder (D:2)
  A worm (D:2)
  3 dart slugs
  4 ball pythons
  4 endoplasms
  2 giant cockroaches (D:1)
  6 goblins
  5 hobgoblins
  5 jackals
  3 quokkas
  3 bats
  7 frilled lizards
  5 kobolds
  A rat (D:2)
50 creatures vanquished.

Vanquished Creatures (others)
  4 plants (D:2)
4 creatures vanquished.

Grand Total: 54 creatures vanquished

Notes
Turn   | Place    | Note
-------+----------+-------------------------------------------
     0 | D:1      | workbot the Ogre Berserker began the quest for the Orb.
     0 | D:1      | Reached XP level 1. HP: 24/24 MP: 1/1
   124 | D:1      | Reached XP level 2. HP: 30/32 MP: 2/2
   358 | D:1      | Reached XP level 3. HP: 37/40 MP: 3/3
   834 | D:2      | Reached ** piety under Trog
   865 | D:2      | Reached XP level 4. HP: 49/49 MP: 4/4
  1410 | D:3      | Slain by a gnoll

Illustrated notes

Levels and vault maps discovered:
D:1:      nicolae_arrival_washed_ashore, layout_rooms, minmay_lizard_pond
D:2:      layout_rooms, serial_forest, infiniplex_forest_lined_4_way,
          infiniplex_forest_straight_2, infiniplex_forest_lined_corner,
          infiniplex_forest_end_2, infiniplex_forest_clump_long,
          infiniplex_forest_lined_corner, infiniplex_forest_clump_diagonal,
          infiniplex_forest_clump_tiny, infiniplex_forest_lined_3_way,
          infiniplex_forest_lined_room_2, minmay_pentomino_s4,
          uniq_crazy_yiuf_cottage
D:3:      layout_loops_ring, gammafunk_ghost_mausoleum, serial_shops, shop,
          minmay_misc_feat_four_crosses, feat_on_display, uniq_ijyb,
          uniq_natasha

Skill      XL: |  1  2  3 |
---------------+----------+-----
Axes           | 4 |  4.5
Fighting       | |  4.8
Dodging        | |  2.6

Action                     |  1- 3 |  4- 6 || total
---------------------------+-------+-------++-------
  Melee: Hand axe          |   113 |    41 ||   154
 Invoke: Berserk           |     3 |       ||     3
 Armour: Animal skin       |    43 |    11 ||    54
  Dodge: Dodged            |    67 |    20 ||    87
